 Dungeon Crawl Stone Soup version 0.29-a0-559-g359e09b9d1 (webtiles) character file.

Game seed: 14625540045587376453

4741 Essalna the Fighter (level 10, -3/90 HPs)
             Began as a Red Draconian Transmuter on June 10, 2022.
             Was an Initiate of Gozag.
             Shot with an arrow by a centaur warrior (15 damage)
             ... on level 8 of the Dungeon.
             The game lasted 00:30:26 (11924 turns).

Essalna the Fighter (Red Draconian Transmuter)     Turns: 11924, Time: 00:30:26

Health: -3/90      AC:  8    Str: 13    XL:     10   Next: 22%
Magic:  12/13      EV: 12    Int: 17    God:    Gozag
Gold:   863        SH:  0    Dex: 12    Spells: 2/13 levels left

rFire   + . .      SeeInvis +     - Unarmed
rCold   . . .      Faith    .   (no shield)
rNeg    . . .      Spirit   .   (body armour unavailable)
rPois   .          Reflect  .   (helmet currently unavailable)
rElec   .          Harm     .   b - +0 cloak
rCorr   .          Rampage  .   (no gloves)
Will    .....                   (boots currently unavailable)
Stlth   +.........              (no amulet)
HPRegen 0.25/turn               q - ring of see invisible
MPRegen 0.13/turn               (no ring)

@: appendages
A: horns 2, talons 2, breathe fire, AC +7, unfitting armour, fire resistance 1,
cold-blooded
a: Breathe Fire, End Transformation, Renounce Religion, Potion Petition, Call
Merchant, Bribe Branch


You were on level 8 of the Dungeon.
You worshipped Gozag.
Gozag was pleased with you.
You had temporarily grown beastly horns and talons.
You visited 2 branches of the dungeon, and saw 9 of its levels.
You also visited: Sewer.

You collected 950 gold pieces.
You paid 87 gold pieces to Gozag.

Inventory:

Missiles
 x - a throwing net
Armour
 b - a +0 cloak (worn)
 j - the -1 pair of boots of Qaom {Harm rPois Will++ MP-9}
   (You found it in a sewer)

   rPois:     It protects you from poison.
   MP:        It affects your magic capacity (-9).
   Harm:      It increases damage dealt and taken.
   Will:      It greatly increases your willpower.
Jewellery
 q - a ring of see invisible (left hand)
 y - an amulet of magic regeneration
Wands
 t - a wand of digging (6)
 u - a wand of charming (16)
 v - a wand of mindburst (14)
Scrolls
 d - a scroll of torment {unknown}
 e - 4 scrolls of immolation
 f - 2 scrolls of fear {unknown}
 h - 14 scrolls of identify
 n - a scroll of teleportation
 o - a scroll of fog {unknown}
Potions
 a - 2 potions of lignification
 g - 10 potions of curing {unknown}
 k - a potion of brilliance {unknown}
 l - a potion of magic {unknown}
 m - 2 potions of haste {unknown}
 p - 3 potions of mutation {unknown}
 r - a potion of resistance
 s - a potion of attraction {unknown}
 w - a potion of flight {unknown}


   Skills:
 + Level 8.4 Fighting
 - Level 1.7 Dodging
 + Level 8.2 Unarmed Combat
 - Level 2.0 Spellcasting
 + Level 7.9 Transmutations
 - Level 3.6 Ice Magic
 + Level 5.3 Earth Magic


You had 2 spell levels left.
You knew the following spells:

 Your Spells              Type           Power      Damage    Failure   Level
a - Beastly Appendage     Tmut           56%        N/A       1%          1
b - Ice Form              Ice/Tmut       21%        N/A       19%         4
c - Statue Form           Tmut/Erth      16%        N/A       89%         6

Your spell library contained the following spells:

 Spells                   Type           Power      Damage    Failure   Level
 Wereblood                Tmut           28%        N/A       1%          2
 Apportation              Tloc           2%         N/A       19%         1
 Necrotize                Necr           4%         1d4       19%         1
 Summon Small Mammal      Summ           4%         N/A       19%         1
 Spider Form              Tmut/Pois      15%        N/A       12%         3
 Blade Hands              Tmut           14%        N/A       21%         5
 Dazzling Flash           Conj/Hex       2%         N/A       50%         3
 Portal Projectile        Hex/Tloc       2%         N/A       50%         3
 Summon Guardian Golem    Hex/Summ       1%         N/A       50%         3
 Tukima's Dance           Hex            1%         N/A       50%         3
 Lee's Rapid Deconstruct  Erth           9%         3d8*      52%         5
 Leda's Liquefaction      Hex/Erth       5%         N/A       54%         4
 Dispel Undead            Necr           1%         3d6       88%         4
 Iskenderun's Mystic Bla  Conj/Tloc      1%         2d3       88%         4
 Death Channel            Necr           0%         N/A       100%        6
 Starburst                Conj/Fire      0%         6d3       100%        6
 Orb of Destruction       Conj           0%         9d5       100%        7
 Spellforged Servitor     Conj/Summ      0%         N/A       100%        7
 Corpse Rot               Necr/Pois/Air  Unusable   N/A       N/A         4

Dungeon Overview and Level Annotations

Branches:
Dungeon (8/15)             Temple (1/1) D:5           Sewer (visited)
   Lair: D:8-11

Altars:
Ashenzari
Cheibriados
Dithmenos
Elyvilon
Fedhas
Gozag
Kikubaaqudgha
Makhleb
Nemelex Xobeh
Okawaru
Qazlal
Ru
Sif Muna
Trog
Vehumet
Yredelemnul
Zin
The Shining One

Shops:
D:6 !

Annotations:
D:8 2 transporters, nj0rd12's ghost, novice GnCj


Innate Abilities, Weirdness & Mutations

You have temporarily grown beastly horns and talons.
You can breathe blasts of fire.
Your fiery red scales are hard. (AC +7)
You cannot fit into any form of body armour.
Your flesh is heat resistant. (rF+)
You are cold-blooded and may be slowed by cold attacks.


Message History

The centaur warrior shoots an arrow.
The arrow hits you!
The centaur warrior unwields a +0 longbow.
The centaur warrior wields a +0 dire flail.
The centaur warrior hits you with a +0 dire flail!
The centaur warrior kicks you but does no damage.
Casting: Beastly Appendage (safe; 1% risk of failure)
Confirm with . or Enter, or press ? or * to list all spells.
You grow a pair of large bovine horns.
Your feet morph into talons.
The centaur warrior hits you with a +0 dire flail!
The centaur warrior kicks you but does no damage.
You punch the centaur warrior! Your kick misses the centaur warrior.
The centaur warrior is lightly wounded.
The centaur warrior hits you with a +0 dire flail.
The centaur warrior kicks you.
You hit the centaur warrior but do no damage.
You punch the centaur warrior, but do no damage.
The centaur warrior is lightly wounded.
The centaur warrior hits you with a +0 dire flail!
* * * LOW HITPOINT WARNING * * *
The centaur warrior kicks you but does no damage.
You feel much better.
The centaur warrior hits you with a +0 dire flail.
The centaur warrior kicks you but does no damage.
The centaur warrior hits you with a +0 dire flail!!
* * * LOW HITPOINT WARNING * * *
The centaur warrior misses you.
You feel much better.
The centaur warrior hits you with a +0 dire flail!
* * * LOW HITPOINT WARNING * * *
The centaur warrior kicks you but does no damage.
The orc warrior hits you from afar with a +0 glaive!
* * * LOW HITPOINT WARNING * * *
Blink to where?
Press: ? - help, Dir - move target
As you read the scroll of blinking, it crumbles to dust.
The centaur warrior unwields a +0 dire flail.
The centaur warrior wields a +0 longbow.
The centaur warrior shoots an arrow.
The arrow hits you!
You die...
Your body crumbles into a pile of gold.

### ########.#
###......#.#
.........#.##########
.........#.oc§..).).#
.........#.#####@####
...................>#
##.........#####.##.#
≈........##### #.##.#
≈.....#......# #....#
≈.....#......# ######
≈....##......#
≈.....)(........#
≈.#.....#.#####.#


You could see a centaur warrior and an orc warrior.

Vanquished Creatures
  A centaur warrior (D:8)
  An unseen horror (D:7)
  A troll (D:6)
  Sigmund (D:4)
  A wyvern (D:7)
  A yak (D:7)
  Menkaure (D:5)
  A water moccasin (D:7)
  3 orc warriors
  3 ice beasts
  2 sky beasts (D:7)
  2 centaurs (D:8)
  2 phantoms
  A kobold brigand (D:8)
  A necrophage (D:7)
  2 gnoll sergeants
  8 bullfrogs
  3 scorpions
  4 wights
  3 hounds
  A gnoll shaman (D:7)
  2 orc priests (D:7)
  3 jellies
  3 iguanas
  5 orc wizards
  Robin (D:4)
  11 adders
  8 gnolls
  A shadow imp (D:6)
  2 white imps
  25 orcs
  16 ball pythons
  10 endoplasms
  6 giant cockroaches
  16 goblins
  4 hobgoblins (D:4)
  15 jackals
  6 quokkas
  6 bats
  14 frilled lizards
  6 kobolds
  12 rats
215 creatures vanquished.

Vanquished Creatures (collateral kills)
  An orc (D:6)
1 creature vanquished.

Grand Total: 216 creatures vanquished

Notes
Turn   | Place    | Note
-------+----------+-------------------------------------------
     0 | D:1      | Essalna the Draconian Transmuter began the quest for the
                  | Orb.
     0 | D:1      | Reached XP level 1. HP: 16/16 MP: 3/3
   177 | D:1      | Found a faded altar of an unknown god.
   177 | D:1      | Noticed a great orb of eyes
   184 | D:1      | Reached XP level 2. HP: 23/23 MP: 3/5
   206 | D:1      | Noticed a great orb of eyes
   210 | D:1      | Noticed an eye of devastation
   210 | D:1      | Noticed an eye of devastation
   478 | D:2      | Found a sparkling altar of Nemelex Xobeh.
   666 | D:2      | Identified the +2 short sword "Idupt" {elec, rN+ Will+
                  | Str+4}
   806 | D:2      | Reached XP level 3. HP: 29/29 MP: 6/6
  1445 | D:3      | Reached XP level 4. HP: 37/37 MP: 5/7
  1515 | D:3      | Learned a level 4 spell: Ice Form
  1656 | D:3      | Found a glowing drain.
  1678 | Sewer    | Entered a sewer
  1800 | Sewer    | Reached skill level 1 in Ice Magic
  1843 | Sewer    | Reached XP level 5. HP: 41/45 MP: 6/8
  2143 | Sewer    | Reached XP level 6. HP: 33/52 MP: 9/9
  2268 | Sewer    | Identified the -1 pair of boots of Qaom {Harm rPois Will++
                  | MP-9}
  2906 | D:4      | Noticed Sigmund
  3111 | D:4      | Killed Sigmund
  3112 | D:4      | Reached skill level 5 in Unarmed Combat
  3112 | D:4      | Your scales start taking on a fiery red colour.
  3112 | D:4      | Reached XP level 7. HP: 60/60 MP: 10/10
  3112 | D:4      | Gained mutation: Your flesh is heat resistant. (rF+) [Red
                  | Draconian growth]
  3396 | D:4      | Noticed Robin
  3879 | D:4      | Killed Robin
  3905 | D:5      | Entered Level 5 of the Dungeon
  3961 | D:5      | Noticed Menkaure
  3971 | D:5      | Killed Menkaure
  3972 | D:5      | Reached skill level 5 in Fighting
  4088 | D:5      | Reached skill level 5 in Transmutations
  4228 | D:5      | Found a staircase to the Ecumenical Temple.
  4252 | Temple   | Entered the Ecumenical Temple
  4349 | D:5      | Reached XP level 8. HP: 54/68 MP: 11/11
  4396 | Temple   | Became a worshipper of Gozag Ym Sagoz the Greedy
  4609 | D:5      | Found a snail-covered altar of Cheibriados.
  4943 | D:6      | Found Ubucotir's Distillery.
  5364 | D:6      | Learned a level 6 spell: Statue Form
  5421 | D:6      | Noticed a troll
  5441 | D:6      | Killed a troll
  5442 | D:6      | Reached skill level 1 in Earth Magic
  6451 | D:7      | Found a blossoming altar of Fedhas.
  6519 | D:7      | Found a white marble altar of Elyvilon.
  6520 | D:7      | Found a burning altar of Makhleb.
  6525 | D:7      | Found an ancient bone altar of Kikubaaqudgha.
  6575 | D:7      | Reached XP level 9. HP: 49/78 MP: 12/12
  8070 | D:8      | Noticed a centaur warrior
  8359 | D:8      | Noticed an unseen horror
  8446 | D:7      | Killed an unseen horror
  8611 | D:8      | Noticed a centaur warrior
  9505 | D:8      | Killed a centaur warrior
  9729 | D:8      | Reached XP level 10. HP: 80/88 MP: 13/13
 10069 | D:7      | Reached skill level 5 in Earth Magic
 11585 | D:8      | Found a transporter.
 11586 | D:8      | Found a transporter.
 11587 | D:8      | Noticed nj0rd12's ghost (novice GnCj)
 11722 | D:8      | Noticed a cyclops
 11924 | D:8      | Shot with an arrow by a centaur warrior

Illustrated notes

Levels and vault maps discovered:
D:1:      dpeg_arrival_orchard, layout_rooms,
          hellmonk_ecumenical_altar_watching_god, amcnicky_mini_pool_small
D:2:      layout_basic, basic_altar, hangedman_feature_mirror, corexii_shack,
          minmay_rat_gold_closets
D:3:      layout_loops_ring, cheibrodos_sewer_entry_drain
D:4:      layout_cave_pools, uniq_sigmund, uniq_robin
D:5:      layout_basic, overflow_temple_1_default, minmay_temple_entry_poolview,
          uniq_menkaure
D:6:      layout_loops_ring, serial_shops, shop
D:7:      layout_loops_ring, fedhas_altar_3, minitemple
D:8:      cheibrodos_ideogram_h, layout_basic, overflow_temple_1_default,
          gammafunk_ghost_hive, st_stairs_14, minmay_stone_trees_small,
          minmay_radiant
Temple:   cyrus_circular_temple

Skill      XL: |  1  2  3  4  5  6  7  8  9 10 |
---------------+-------------------------------+-----
Fighting       | 2 3 4 5 6 8 |  8.4
Transmutations | 3 4 5 6 7 |  7.9
Unarmed Combat | 4 5 6 7 8 |  8.2
Ice Magic      | 1 2 3 |  3.6
Earth Magic    | 2 4 5 |  5.3
Dodging        | |  1.7
Spellcasting   | |  2.0

Action                   |  1- 3 |  4- 6 |  7- 9 | 10-12 || total
-------------------------+-------+-------+-------+-------++-------
Melee: Unarmed           |   110 |   213 |   273 |    89 ||   685
       Tailslap          |    11 |    17 |    23 |    13 ||    64
       Kick              |    16 |    40 |    66 |    28 ||   150
       Headbutt          |     8 |    19 |    46 |    18 ||    91
       Punch             |     3 |     3 |    13 |     8 ||    27
 Cast: Beastly Appendage |    31 |    35 |    52 |    17 ||   135
 Abil: Breathe Fire      |       |       |    25 |     6 ||    31
Evoke: Wand              |       |       |     3 |       ||     3
  Use: Scroll            |     5 |       |       |     2 ||     7
       Potion            |       |       |     1 |     2 ||     3
 Stab: Sleeping          |     1 |       |     2 |       ||     3
Armor: Skin              |    32 |    96 |   118 |    29 ||   275
Dodge: Dodged            |    69 |   150 |   171 |    77 ||   467

Table legend: (Time is in decaauts)
 A = Elapsed time spent in this place.
 B = Non-inter-level travel time spent in this place.
 C = Inter-level travel time spent in this place.
 D = Time resting spent in this place.
 E = Time spent auto-exploring this place.
 F = Levels seen in this place.
 G = Mean time per level.
                   A        B        C        D        E       F      G
               +--------+--------+--------+--------+--------+-----+--------+
         Total |  11963 |  11029 |    934 |   2054 |   6967 |  10 | 1196.3 |
       Dungeon |  11216 |  10296 |    920 |   2054 |   6483 |   8 | 1402.0 |
        Temple |     81 |     67 |     14 |      0 |     34 |   1 |   81.0 |
         Sewer |    665 |    665 |      0 |      0 |    450 |   1 |  665.0 |
               +--------+--------+--------+--------+--------+-----+--------+

Top non-repeatable levels by time:
     D:7: 5041 daAuts
     D:6: 1302 daAuts
     D:3: 1076 daAuts
     D:2: 930 daAuts
     D:4: 830 daAuts
     D:8: 829 daAuts
     D:5: 759 daAuts
   Sewer: 665 daAuts
     D:1: 446 daAuts
  Temple: 81 daAuts
